 Dungeon Crawl Stone Soup version 0.28.0-43-g3370ac3207 (webtiles) character file.

Game seed: 7698496174446075619

2401 nickcage the Carver (level 9, 0/70 HPs)
             Began as a Minotaur Fighter on Mar 28, 2022.
             Was a Follower of the Shining One.
             Slain by a two-headed ogre
             ... wielding a +0 giant club
              (34 damage)
             ... on level 6 of the Dungeon.
             The game lasted 00:17:48 (7219 turns).

nickcage the Carver (Minotaur Fighter)              Turns: 7219, Time: 00:17:48

Health: 0/70       AC:  5    Str: 23    XL:     9   Next: 23%
Magic:  8/8        EV: 10    Int:  5    God:    the Shining One [*.....]
Gold:   269        SH:  4    Dex: 12    Spells: 8/8 levels left

rFire   + . .      SeeInvis .   x - +2 long sword (elec)
rCold   . . .      Faith    .   c - +0 buckler
rNeg    . . .      Spirit   .   g - +0 ring mail {rPois}
rPois   +          Reflect  .   (helmet restricted)
rElec   .          Harm     .   (no cloak)
rCorr   .          Rampage  .   (no gloves)
Will    .....                   (no boots)
Stlth   +.........              (no amulet)
HPRegen 0.21/turn               A - ring of protection from fire
MPRegen 0.11/turn               (no ring)

@: about to teleport, glowing
A: horns 2, retaliatory headbutt
a: Renounce Religion, Divine Shield


You were on level 6 of the Dungeon.
You worshipped the Shining One.
The Shining One was aware of your devotion.
You visited 2 branches of the dungeon, and saw 7 of its levels.
You also visited: Ossuary.

You collected 405 gold pieces.
You spent 136 gold pieces at shops.

Inventory:

Hand Weapons
 a - a +0 long sword
 x - a +2 long sword of electrocution (weapon)
Missiles
 k - 12 poisoned darts (quivered)
 B - a throwing net
Armour
 b - a +0 scale mail
 c - a +0 buckler (worn)
 g - a +0 ring mail of poison resistance (worn)
Jewellery
 r - a ring of magical power
 A - a ring of protection from fire (left hand)
Wands
 y - a wand of flame (6)
Scrolls
 e - 7 scrolls of identify {unknown}
 f - 2 scrolls of vulnerability {unknown}
 h - a scroll of enchant armour {unknown}
 j - 4 scrolls of teleportation
 l - a scroll of blinking {unknown}
 m - 3 scrolls of amnesia {unknown}
 p - 3 scrolls of immolation {unknown}
 t - 2 scrolls of summoning {unknown}
 u - a scroll of noise {unknown}
Potions
 d - a potion of might
 i - 2 potions of heal wounds {unknown}
 n - a potion of cancellation {unknown}
 o - 4 potions of curing {unknown}
 q - 2 potions of mutation {unknown}
 s - a potion of degeneration {unknown}
 v - 2 potions of berserk rage {unknown}
 w - 2 potions of resistance {unknown}
 z - a potion of attraction {unknown}


   Skills:
 - Level 3.6 Fighting
 + Level 14.5 Long Blades
 - Level 2.0 Throwing
 - Level 3.6 Armour
 - Level 3.6 Shields


You had 8 spell levels left.
You didn't know any spells.
Your spell library contained the following spells:

 Spells                   Type           Power      Damage    Failure   Level
 Wereblood                Tmut           0%         N/A       86%         2
 Ignite Poison            Fire/Tmut/Pois 0%         N/A       97%         3
 Tukima's Dance           Hex            0%         N/A       97%         3
 Anguish                  Hex/Necr       0%         N/A       100%        4
 Yara's Violent Unravell  Hex/Tmut       0%         3d3       100%        5
 Enfeeble                 Hex            0%         N/A       100%        7
 Lehudib's Crystal Spear  Conj/Erth      0%         10d2      100%        8


Dungeon Overview and Level Annotations

Branches:
Dungeon (6/15)             Temple (1/1) D:6         Ossuary (visited)

Altars:
Cheibriados
Elyvilon
Fedhas
Gozag
Hepliaklqana
Kikubaaqudgha
Makhleb
Nemelex Xobeh
Ru
Sif Muna
Trog
Uskayaw
Wu Jian
Xom
Yredelemnul
The Shining One

Shops:
D:1 (

Annotations:
D:6 3 runed translucent doors, mortz's ghost, novice DrAE


Innate Abilities, Weirdness & Mutations

You have a pair of horns on your head.
You reflexively headbutt those who attack you in melee.


Message History

A two-headed ogre comes into view. It is wielding two +0 giant clubs.
The two-headed ogre shouts in stereo!
You throw a poisoned dart.
The poisoned dart hits the two-headed ogre.
The two-headed ogre is poisoned.
You throw a poisoned dart.
The poisoned dart hits the two-headed ogre.
The two-headed ogre looks even sicker.
The two-headed ogre is lightly wounded.
You throw a poisoned dart.
The poisoned dart hits the two-headed ogre.
The two-headed ogre is lightly wounded.
You throw a poisoned dart.
The poisoned dart hits the two-headed ogre.
The two-headed ogre looks even sicker.
The two-headed ogre is lightly wounded.
You throw a poisoned dart.
The poisoned dart hits the two-headed ogre.
The two-headed ogre looks as sick as possible!
The two-headed ogre is lightly wounded.
You throw a poisoned dart.
The poisoned dart hits the two-headed ogre.
The two-headed ogre looks as sick as possible!
The two-headed ogre is lightly wounded.
You hit the two-headed ogre but do no damage.
You headbutt the two-headed ogre.
The two-headed ogre is lightly wounded.
The two-headed ogre hits you with a +0 giant club!!
The two-headed ogre hits you with a +0 giant club!
You are too injured to fight recklessly!
A wight comes into view. It is wielding a +5 scimitar.
As you read the scroll labelled JUBALADWIU, it crumbles to dust.
You feel strangely unstable.
It was a scroll of teleportation.
The wight closely misses you.
You see here 17 arrows.
You hit the wight. Your headbutt misses the wight.
The wight is lightly damaged.
The wight completely misses you.
The two-headed ogre hits you with a +0 giant club!!
You die...

#(# .....##..#
#.##### #(#
##....###.###....).
.(? .....#
#..####.### #(#
###....# ##.###..#
#.# ##......#
#.##..##
#####.####..#.####
#..#.##
#..........##.#
##...##
#.........###O#
#....# #.........#
#@# ####.##
#############z#
#...# .........###
#...# ########...#
#...# #...# #...#
#...# #...# #...#
#####...## #.#)#
#§○.....8# #.#.#
#####...##


You could see a two-headed ogre (very poisoned) and a wight.

Vanquished Creatures
  Sigmund (D:3)
  4 vampire mosquitoes (D:6)
  An ice beast (D:4)
  A sky beast (D:6)
  2 ogres
  A bullfrog (D:6)
  A kobold brigand (D:6)
  2 elf zombies (Ossuary)
  A wyvern zombie (D:5)
  2 scorpions (D:5)
  A water moccasin skeleton (D:4)
  2 wights (D:6)
  2 human zombies (Ossuary)
  A hound (D:6)
  4 orc priests (D:4)
  A jelly (D:5)
  Terence (D:2)
  3 bullfrog skeletons
  5 iguanas
  An orc wizard (D:3)
  2 mummies (Ossuary)
  A howler monkey skeleton (D:3)
  3 gnolls (D:6)
  3 adders
  7 river rats (D:5)
  An adder zombie (Ossuary)
  A worm (D:2)
  2 dart slugs
  12 orcs
  4 ball pythons
  4 endoplasms
  4 giant cockroaches
  7 hobgoblins
  4 jackals (D:4)
  19 kobolds
  13 quokkas
  5 bats
  2 frilled lizards (D:1)
  10 goblins
  7 hobgoblin zombies (Ossuary)
  3 jackal zombies (Ossuary)
  10 kobold zombies (Ossuary)
  9 orc zombies (Ossuary)
  18 rats
  3 rat zombies (Ossuary)
191 creatures vanquished.

Vanquished Creatures (others)
  A plant (D:4)
1 creature vanquished.

Grand Total: 192 creatures vanquished

Notes
Turn   | Place    | Note
-------+----------+-------------------------------------------
     0 | D:1      | nickcage the Minotaur Fighter began the quest for the Orb.
     0 | D:1      | Reached XP level 1. HP: 19/19 MP: 0/0
    82 | D:1      | Reached skill level 3 in Long Blades
   221 | D:1      | Reached XP level 2. HP: 26/26 MP: 1/1
   440 | D:1      | Reached skill level 4 in Long Blades
   646 | D:1      | Found Canukhas's Antique Weapon Shop.
   764 | D:2      | Reached XP level 3. HP: 31/31 MP: 2/2
   962 | D:2      | Got the Collected Works on Earthen Moulding
  1173 | D:2      | Reached skill level 5 in Long Blades
  1374 | D:2      | Noticed Terence
  1381 | D:2      | Killed Terence
  1382 | D:2      | Reached XP level 4. HP: 39/39 MP: 3/3
  1793 | D:3      | Reached skill level 6 in Long Blades
  1915 | D:3      | Reached XP level 5. HP: 44/45 MP: 4/4
  1991 | D:3      | Found a faded altar of an unknown god.
  2015 | D:3      | Found a sparkling altar of Nemelex Xobeh.
  2183 | D:3      | Noticed Sigmund
  2191 | D:3      | Killed Sigmund
  2192 | D:3      | Reached skill level 7 in Long Blades
  2192 | D:3      | Reached skill level 1 in Throwing
  2192 | D:3      | Reached XP level 6. HP: 44/51 MP: 5/5
  2321 | D:3      | You fall into a shaft and drop 2 floors!
  2321 | D:5      | Entered Level 5 of the Dungeon
  2437 | D:5      | Noticed a two-headed ogre
  2495 | D:5      | Noticed an ice beast
  2793 | D:4      | Reached skill level 8 in Long Blades
  2957 | D:3      | Found a burning altar of Makhleb.
  2957 | D:3      | Noticed a green death
  3412 | D:4      | Reached XP level 7. HP: 57/57 MP: 6/6
  3460 | D:4      | Reached skill level 9 in Long Blades
  4144 | D:5      | Reached skill level 10 in Long Blades
  4461 | D:5      | Found a bloodstained altar of Trog.
  4754 | D:5      | Found a blossoming altar of Fedhas.
  5087 | D:5      | Reached XP level 8. HP: 41/64 MP: 7/7
  5091 | D:5      | Reached skill level 11 in Long Blades
  5576 | D:6      | Found a sand-covered staircase.
  5584 | Ossuary  | Entered an ossuary
  5925 | Ossuary  | Reached skill level 12 in Long Blades
  6109 | D:1      | Bought a runed long sword for 136 gold pieces
  6211 | D:6      | Found a staircase to the Ecumenical Temple.
  6250 | Temple   | Entered the Ecumenical Temple
  6283 | Temple   | Became a worshipper of the Shining One
  6480 | D:6      | Reached skill level 13 in Long Blades
  6600 | D:6      | Found a runed translucent gate.
  6621 | D:6      | Noticed mortz's ghost (novice DrAE)
  6751 | D:6      | Found a runed translucent gate.
  6753 | D:6      | Found a runed translucent gate.
  6883 | D:6      | Reached XP level 9. HP: 46/70 MP: 8/8
  6891 | D:6      | Reached skill level 14 in Long Blades
  7199 | D:6      | Noticed a two-headed ogre
  7199 | D:6      | Reached * piety under the Shining One
  7219 | D:6      | Slain by a two-headed ogre

Illustrated notes

Levels and vault maps discovered:
D:1:      minmay_arrival_open_corners, layout_rooms, serial_shops,
          nicolae_shop_crystal
D:2:      layout_loops_ring, minmay_statues_item, nicolae_elevator_lobby_plus,
          uniq_terence
D:3:      layout_loops_ring, makhleb_altar_promises_db, lemuel_doored_altar,
          hellmonk_ecumenical_altar_pennies_from_heaven,
          chequers_serial_rivers_micro_a, uniq_sigmund
D:4:      corexii_shack_village, layout_loops_ring, serial_glass,
          glass_columns_b, glass_columns_a, glass_columns_c, glass_columns_a,
          glass_columns_a
D:5:      lemuel_ratsnest, layout_loops_ring, mainiacjoe_overflow_brackets,
          trog_hazing_becter
D:6:      layout_rooms, minmay_temple_entry_junction,
          nicolae_ossuary_entry_plus, gammafunk_ghost_split, chequers_jeans,
          lemuel_flamethrower_1
Temple:   minmay_temple_bridge_abc

Skill      XL: |  1  2  3  4  5  6  7  8  9 |
---------------+----------------------------+-----
Long Blades    | 3 4 5 6 7 8 10 13 14 | 14.5
Throwing       | 1 2 |  2.0
Fighting       | |  3.6
Armour         | |  3.6
Shields        | |  3.6

Action                   |  1- 3 |  4- 6 |  7- 9 || total
-------------------------+-------+-------+-------++-------
Melee: Long sword        |    89 |    65 |   302 ||   456
       Headbutt          |    10 |    13 |    63 ||    86
Throw: Dart              |     6 |    12 |    13 ||    31
  Use: Scroll            |       |       |     1 ||     1
Armor: Scale mail        |     5 |       |       ||     5
       Ring mail         |    23 |    13 |    75 ||   111
Dodge: Dodged            |    39 |    23 |    90 ||   152
Block: Buckler           |    17 |    11 |    38 ||    66
